 Dungeon Crawl Stone Soup version 0.17.2 (webtiles) character file.

9 ololoev the Skirmisher (level 2, 0/24 HPs)
             Began as a Mummy Chaos Knight on June 29, 2016.
             Slain by a kobold
             ... wielding a +3 whip
              (4 damage)
             ... on level 1 of the Dungeon.
             The game lasted 00:01:31 (115 turns).

ololoev the Skirmisher (Mummy Chaos Knight)          Turns: 115, Time: 00:01:31

Health: 0/24       AC:  5    Str: 20    XL:     2   Next: 6%
Magic:  2/2        EV: 11    Int: 11    God:    Xom [..*...]
Gold:   54         SH:  0    Dex: 11    Spells: 0 memorised, 1 level left

rFire  x . .     SeeInvis .     a - +0 falchion (chaos)
rCold  + . .     Clarity  .     b - +2 leather armour
rNeg   + + +     SustAt   .     (no shield)
rPois  ∞         Gourm    .     (no helmet)
rElec  .         Spirit   .     (no cloak)
rCorr  .         Warding  .     (no gloves)
rMut   .         Stasis   .     (no boots)
MR     .....                    (no amulet)
Stlth  +.........               (no ring)
                                (no ring)

@: mighty, not resistant to hostile enchantments, very unstealthy
A: no food or potions, fire vulnerability, cold resistance 1, negative energy
resistance 3, torment resistance, unbreathing
a: Renounce Religion


Innate Abilities, Weirdness & Mutations

You do not eat or drink.
Your flesh is vulnerable to fire.
You are immune to poison.
Your flesh is cold resistant.
You are immune to negative energy.
You are immune to unholy pain and torment.
You can survive without breathing.

Inventory:

Hand Weapons
 a - a +0 falchion of chaos (weapon)
Armour
 b - a +2 leather armour (worn)
Scrolls
 c - a scroll of teleportation {unknown}


   Skills:
 - Level 3.0 Fighting
 * Level 2.7 Long Blades
 + Level 1.9 Armour
 - Level 0.7 Dodging


You had one spell level left.
You didn't know any spells.


You were on level 1 of the Dungeon.
You worshipped Xom.
You were a toy of Xom.
You were not hungry.

You visited 1 branch of the dungeon, and saw 1 of its levels.

You collected 54 gold pieces.

# ...#..# #########
.##..#..#....!......
....#..##.#........
.####..#..##.#........
.......†..##.#........
######†..# #.#..?.....
.........# #.#†.......
###########..###.#.†......
#.............K@..†.......
##.##########..##.##(.#####
.#.# ........# ..# .#'##
#........# ..# ....#
#........# ... ....#
#####.....#.### ....##
#.....#.# .....#####
#.....#.# ..[..#8.8##

Notes
Turn   | Place    | Note
--------------------------------------------------------------
     0 | D:1      | ololoev the Mummy Chaos Knight began the quest for the Orb.
     0 | D:1      | Reached XP level 1. HP: 18/18 MP: 1/1
    62 | D:1      | XOM: potion effect (might)
    76 | D:1      | XOM: butterfly on damage
    79 | D:1      | Reached XP level 2. HP: 6/24 MP: 2/2
   115 | D:1      | Slain by a kobold

Dungeon Overview and Level Annotations

Branches:
Dungeon (1/15)

Altars:


Message History

The kobold is severely wounded.
The kobold barely misses you. The rat closely misses you.
The kobold barely misses you.
You closely miss the rat. The rat closely misses you.
The kobold hits you but does no damage. The rat barely misses you.
You closely miss the rat. The kobold completely misses you.
The rat barely misses you.
You completely miss the rat. The kobold closely misses you.
The rat bites you but does no damage.
You barely miss the rat. The kobold barely misses you.
The rat barely misses you.
You slash the rat!
You kill the rat!
Your butterfly disappears in a puff of smoke!
The kobold hits you but does no damage.
You closely miss the kobold.
The kobold is severely wounded.
The kobold barely misses you.
You closely miss the kobold.
The kobold is severely wounded.
The kobold closely misses you. The kobold hits you.
You closely miss the kobold.
The kobold is severely wounded.
The kobold barely misses you.
You slash the kobold!
You kill the kobold!
You swap places.
Your butterfly disappears in a puff of smoke! x2
You see here a kobold corpse.
You now have 54 gold pieces (gained 9).
You start resting.
Your butterfly disappears in a puff of smoke!
A kobold comes into view. It is wielding an enchanted whip.
A kobold is nearby!
The kobold shouts!
You barely miss the kobold. The kobold hits you but does no damage.
You completely miss the kobold.
The kobold hits you with an enchanted whip.
You die... "It was about time."

You could see a kobold.

Vanquished Creatures
  A giant cockroach (D:1)
  3 hobgoblins (D:1)
  2 bats (D:1)
  2 kobolds (D:1)
  A rat (D:1)
9 creatures vanquished.

Action                   || total
-------------------------++-------
Melee: Falchion          ||    36
 Stab: Paralysed         ||     1

Vault maps used:
D:1:      mrwooster_arrival_statue_2, minmay_cupped
